 Dungeon Crawl Stone Soup version 0.32-a0-818-gb728d0252e (webtiles) character file.

Game seed: 8972427254102132256

72 Esekla the Sneak (level 4, 20/31 HPs)
             Began as an Octopode Delver on Mar 24, 2024.
             Quit the game on level 5 of the Dungeon.
             The game lasted 00:01:41 (218 turns).

Esekla the Sneak (Octopode Delver)                   Turns: 218, Time: 00:01:41

Health: 20/31      AC:  1    Str: 11    XL:     4   Next: 25%
Magic:  5/5        EV: 12    Int: 14    God:
Gold:   0          SH:  0    Dex: 13    Spells: 5/5 levels left

rFire   . . .        a - +0 falchion
rCold   . . .        (no shield)
rNeg    . . .        (helmet restricted)
rPois   .            (no amulet)
rElec   .            (no ring)
rCorr   .            (no ring)
SInv    .            (no ring)
Will    .....        (no ring)
Stlth   +++++        (no ring)
HPRegen 0.25/turn    (no ring)
MPRegen 0.09/turn    (no ring)
                     (no ring)

%: no passive effects
@: no status effects
A: almost no armour, amphibious, 8 rings, camouflage 1, gelatinous body 1,
(nimble swimmer 1), tentacles
a: no special abilities


You were on level 5 of the Dungeon.
You visited 1 branch of the dungeon, and saw 1 of its levels.

Inventory:

Hand Weapons
 a - a +0 falchion (weapon)
Wands
 f - a wand of digging (3)
Scrolls
 b - a scroll of fog
 d - a scroll of fear
Potions
 e - a potion of haste


   Skills:
 * Level 3.4 Fighting
 + Level 2.2 Long Blades
 * Level 2.4 Dodging
 + Level 7.6 Stealth
 * Level 1.0 Spellcasting


You had 5 spell levels left.
You didn't know any spells.
Your spell library contained the following spells:

 Spells                   Type           Power      Damage    Failure   Level
 Mercury Vapours          Alch/Air       0%         N/A       36%         2
 Mephitic Cloud           Conj/Alch/Air  0%         N/A       61%         3
 Freezing Cloud           Conj/Ice/Air   0%         6-21      100%        5


Dungeon Overview and Level Annotations

Branches:
Dungeon (5/15)
 Temple: D:4-7

Altars:

Shops:
D:5 :


Innate Abilities, Weirdness & Mutations

You cannot wear most types of armour.
You are amphibious.
You can wear up to eight rings at the same time.
Your skin changes colour to match your surroundings (Stealth+).
Your rubbery body absorbs attacks. (AC +1, EV +1)
((You are camouflaged when in or above water. (Stealth+)))
You have tentacles for arms and can constrict up to eight enemies at once.


Message History

You feel very sick.
Your Stealth skill increases to level 7!
Your Spellcasting skill increases to level 1!
You have reached level 2!
You have reached level 3!
Your experience leads to an increase in your attributes!
Increase (S)trength, (I)ntelligence, or (D)exterity?
You feel clever. x2
You have reached level 4!
You start resting.
* * * LOW HITPOINT WARNING * * *
You feel sick.
You start resting.
You feel sick. x6
You are no longer poisoned.
You start resting.
Magic restored.
You start resting.
HP restored.
You see here a scorpion corpse.
Found 8 stones.
An adder comes into view.
A hound comes into view.
An ufetubus comes into view.
An ufetubus comes into view.
The ufetubus shouts! x2
Found Qenehof's Vocational Training.
The ufetubus closely misses you. x2
You barely miss the ufetubus. You grab the ufetubus.
You constrict the ufetubus! The ufetubus hits you.
The ufetubus barely misses you. The ufetubus closely misses you. x2
You hit the ufetubus. You grab the ufetubus.
The ufetubus is lightly wounded.
You constrict the ufetubus.
You kill the ufetubus!
You constrict the ufetubus. The ufetubus hits you. x4
You barely miss the ufetubus.
The ufetubus is almost dead.
You constrict the ufetubus.
You kill the ufetubus!
There is an entrance to Qenehof's Vocational Training here.
Are you sure you want to abandon this character and quit the game? (Confirm with "yes".)

#,**~***,* *,*
#*.#~#*#.# #.#
#*.#~~*#.# #.#
*.#~~##.# #.###**
##.*#~~#.# #...,,#
#..*#~~~.# ####.###.#
#.#**#~..## #........#
#.# #~...###.⌠...⌠..#
#.#####.........@...#*
.........###..⌠...⌠.#
.........# #........#
#######..# ######.###
***** #..# *.# ,,,,*
#..# *.#
***,**#..#*******.#
*,,,....,,<,,,,.#
***,,...#*****,,*


There were no monsters in sight!

Vanquished Creatures
  A scorpion (D:5)
  2 ufetubi (D:5)
3 creatures vanquished.

Notes
Turn   | Place    | Note
-------+----------+-------------------------------------------
     0 | D:5      | Esekla the Octopode Delver began the quest for the Orb.
     0 | D:5      | Reached XP level 1. HP: 16/16 MP: 1/1
    18 | D:5      | Noticed a scorpion
    31 | D:5      | Killed a scorpion
    32 | D:5      | Reached skill level 7 in Stealth
    32 | D:5      | Reached skill level 1 in Spellcasting
    32 | D:5      | Reached XP level 2. HP: 5/21 MP: 1/3
    32 | D:5      | Reached XP level 3. HP: 6/26 MP: 1/4
    32 | D:5      | Reached XP level 4. HP: 8/31 MP: 1/5
   207 | D:5      | Found Qenehof's Vocational Training.
   218 | D:5      | Quit the game

Illustrated notes

Levels and vault maps discovered:
D:5:      layout_loops_ring, chequers_serial_rivers_large_b,
          nicolae_shop_vocational, uniq_duvessa

Skill      XL: |  1 |
---------------+----+-----
Stealth        | 7 |  7.6
Spellcasting   | 1 |  1.0
Fighting       | |  3.4
Long Blades    | |  2.2
Dodging        | |  2.4

Action                     |  1- 3 |  4- 6 || total
---------------------------+-------+-------++-------
  Melee: Falchion          |     5 |     3 ||     8
         Constrict         |     1 |     2 ||     3
         Tentacles         |     1 |       ||     1
    Use: Scroll            |     1 |       ||     1
 Armour: Skin              |     3 |     5 ||     8
  Dodge: Dodged            |     3 |     5 ||     8

Table legend: (Time is in decaauts)
 A = Elapsed time spent in this place.
 B = Non-inter-level travel time spent in this place.
 C = Inter-level travel time spent in this place.
 D = Time resting spent in this place.
 E = Time spent auto-exploring this place.
 F = Levels seen in this place.
 G = Mean time per level.
                   A        B        C        D        E       F      G
               +--------+--------+--------+--------+--------+-----+--------+
         Total |    219 |    219 |      0 |    122 |      0 |   1 |  219.0 |
       Dungeon |    219 |    219 |      0 |    122 |      0 |   1 |  219.0 |
               +--------+--------+--------+--------+--------+-----+--------+

Top non-repeatable levels by time:
     D:5: 219 daAuts
